 Dungeon Crawl Stone Soup version 0.18.1-48-g4cf74bf (webtiles) character file.

12 Gargoyl the Skirmisher (level 2, 17/24 HPs)
             Began as a Demonspawn Abyssal Knight on July 18, 2016.
             Was a Follower of Lugonu.
             Quit the game on level 1 of the Dungeon.
             The game lasted 00:01:09 (598 turns).

Gargoyl the Skirmisher (Demonspawn Abyssal Knight)   Turns: 598, Time: 00:01:10

Health: 17/24      AC:  6    Str: 12    XL:     2   Next: 20%
Magic:  2/3        EV: 10    Int: 13    God:    Lugonu [*.....]
Gold:   0          SH:  0    Dex: 12    Spells: 0 memorised, 1 level left

rFire  . . .     SeeInvis .     a - +1 hand axe
rCold  . . .     Gourm    .     f - +0 ring mail
rNeg   . . .     Faith    .     (no shield)
rPois  .         Spirit   +     (no helmet)
rElec  .         Dismiss  .     (no cloak)
rCorr  .         Reflect  .     (no gloves)
SustAt .         Harm     .     b - +0 pair of boots
MR     .....                    (no amulet)
Stlth  +.........               (no ring)
                                (no ring)

@: not resistant to hostile enchantments, very unstealthy
A: magic shield
a: Depart the Abyss, Renounce Religion


You were on level 1 of the Dungeon.
You worshipped Lugonu.
Lugonu was aware of your devotion.
You were not hungry.

You visited 1 branch of the dungeon, and saw 1 of its levels.
You visited the Abyss 1 time.

Inventory:

Hand Weapons
 a - a +1 hand axe (weapon)
Armour
 b - a +0 pair of boots (worn)
 f - a +0 ring mail (worn)
Scrolls
 d - a scroll of identify {unknown}
 e - a scroll of remove curse {unknown}
 g - a scroll of enchant weapon {unknown}
Comestibles
 c - a bread ration


   Skills:
 + Level 3.3 Fighting
 + Level 2.0 Axes
 * Level 2.0 Armour
 + Level 0.8 Dodging
 + Level 2.5 Invocations


You had one spell level left.
You didn't know any spells.

Dungeon Overview and Level Annotations

Branches:
Dungeon (1/15)

Altars:
Xom


Innate Abilities, Weirdness & Mutations

When hurt, damage is shared between your health and your magic reserves.


Message History

The hobgoblin misses you.
You closely miss the hobgoblin. The hobgoblin barely misses you.
The hobgoblin closely misses you.
You closely miss the hobgoblin. The hobgoblin hits you with a club.
Unknown command.
You hit the hobgoblin.
The hobgoblin is heavily wounded.
The hobgoblin hits you but does no damage.
The hobgoblin closely misses you.
You hit the hobgoblin.
You kill the hobgoblin!
Lugonu accepts your kill.
Your Axes skill increases to level 2!
Unknown command.
g - a scroll labeled CUCKICOLEU
Things that are here:
a club; an amulet of rage; a hobgoblin corpse
Found a meat ration.
Unknown command.
Are you sure you want to abandon this character and quit the game? (Confirm with "yes".)

.# ......# ........#
..#.##.#.# #........
....#..#.. #.......#
...#..... #....%..#
#..#.^.^. ##.......#
####..#.^_^. .........#
#.....#.^^^.
.........####.##..#.....
.......@..))..##...#.###
...........).....#.#.#
...............#.#.#.###
############...###.)....
#...# ##..### #...# #..#
####...####..###
#..).....).....#
#.#####........#


There were no monsters in sight!

Vanquished Creatures
  A bat (D:1)
  A giant cockroach (D:1)
  2 goblins (D:1)
  4 hobgoblins (D:1)
  2 rats (D:1)
10 creatures vanquished.

Notes
Turn   | Place    | Note
--------------------------------------------------------------
     0 | Abyss:1  | Gargoyl the Demonspawn Abyssal Knight began the quest for the Orb.
     0 | Abyss:1  | Reached XP level 1. HP: 18/18 MP: 2/2
     0 | Abyss:1  | Found a corrupted altar of Lugonu.
    52 | Abyss:1  | Found a corrupted altar of Lugonu.
    73 | Abyss:1  | Found an oddly glowing altar of Pakellas.
   113 | Abyss:1  | Noticed a chaos spawn
   118 | Abyss:1  | Noticed a ynoxinul
   173 | Abyss:2  | Noticed a tarantella
   180 | D:1      | Escaped the Abyss
   446 | D:1      | Reached * piety under Lugonu
   554 | D:1      | Found a shimmering altar of Xom.
   578 | D:1      | Gained mutation: When hurt, damage is shared between your health and your magic reserves. [demonic ancestry]
   578 | D:1      | Reached XP level 2. HP: 24/24 MP: 3/3
   598 | D:1      | Quit the game

Skill      XL: |  1  2 |
---------------+-------+-----
Armour         | 2 |  2.0
Axes           | 2 |  2.0
Fighting       | |  3.3
Dodging        | |  0.8
Invocations    | |  2.5

Action                   || total
-------------------------++-------
Melee: Hand axe          ||    45
Invok: Depart the Abyss  ||     1
  Use: Potion            ||     1
Armor: Ring mail         ||    15
Dodge: Dodged            ||    35
